 Dungeon Crawl Stone Soup version 0.29.1-13-g9f3cf754e1 (webtiles) character file.

Game seed: 408678689654867499

5 Thatpatchoflichen the Grave Robber (level 1, 0/13 HPs)
             Began as a Mummy Necromancer on Jan 25, 2023.
             Slain by a kobold
             ... wielding a +0 whip
              (4 damage)
             ... on level 1 of the Dungeon.
             The game lasted 00:01:10 (201 turns).

Thatpatchoflichen the Grave Robber (MuNe)            Turns: 201, Time: 00:01:10

Health: 0/13       AC:  3    Str: 11    XL:     1   Next: 66%
Magic:  0/4        EV: 12    Int: 14    God:
Gold:   14         SH:  0    Dex: 12    Spells: 4/5 levels left

rFire   x . .      SeeInvis .   (no weapon)
rCold   + . .      Faith    .   (no shield)
rNeg    + + +      Spirit   .   a - +0 robe
rPois   ∞          Reflect  .   (no helmet)
rElec   .          Harm     .   (no cloak)
rCorr   .          Rampage  .   b - +0 pair of gloves
Will    .....                   (no boots)
Stlth   ++........              (no amulet)
HPRegen 0.04/turn               (no ring)
MPRegen 0.09/turn               (no ring)

@: no status effects
A: cold resistance 1, negative energy resistance 3, torment resistance 2, heat
vulnerability 1, no potions
a: no special abilities


You were on level 1 of the Dungeon.
You visited 1 branch of the dungeon, and saw 1 of its levels.

You collected 14 gold pieces.

Inventory:

Armour
 a - a +0 robe (worn)
 b - a +0 pair of gloves (worn)


   Skills:
 + Level 0.3 Fighting
 + Level 1.6 Dodging
 + Level 1.7 Stealth
 + Level 2.8 Spellcasting
 + Level 4.0 Necromancy


You had 4 spell levels left.
You knew the following spells:

 Your Spells              Type           Power      Damage    Failure   Level
a - Necrotise             Necr           52%        1d6       4%          1

Your spell library contained the following spells:

 Spells                   Type           Power      Damage    Failure   Level
 Vampiric Draining        Necr           13%        2d6       12%         3
 Animate Dead             Necr           13%        N/A       38%         4
 Agony                    Necr           13%        N/A       75%         5


Dungeon Overview and Level Annotations

Branches:
Dungeon (1/15)

Altars:


Innate Abilities, Weirdness & Mutations

You are immune to poison.
Your flesh is cold resistant. (rC+)
You are immune to negative energy. (rN+++)
You are immune to unholy pain and torment.
You are vulnerable to heat. (rF-)
You do not drink.


Message History

You now have 14 gold pieces (gained 2).
A goblin comes into view. It is wielding a +0 club.
Found a helmet.
The goblin shouts!
A kobold comes into view. It is wielding a +0 whip.
The goblin barely misses you.
Aiming: Necrotise (safe; 4% risk of failure)
Press: ? - help, Q - select action Shift-Dir - straight line, f - goblin
Aim: a goblin, wielding a +0 club (chance to affect: 83%)
The goblin writhes in agony.
The kobold shouts!
The goblin hits you with a +0 club.
Aiming: Necrotise (safe; 4% risk of failure)
Press: ? - help, Q - select action Shift-Dir - straight line, f/p - goblin
Aim: a goblin, wielding a +0 club (moderately wounded, chance to affect: 83%)
The goblin writhes in agony.
The goblin misses you.
Unknown command.
Aiming: Necrotise (safe; 4% risk of failure)
Press: ? - help, Q - select action Shift-Dir - straight line, f/p - goblin
Aim: a goblin, wielding a +0 club (heavily wounded, chance to affect: 83%)
The goblin writhes in agony.
You kill the goblin!
The dead are walking!
You see here a +0 club.
Aiming: Necrotise (safe; 4% risk of failure)
Press: ? - help, Q - select action Shift-Dir - straight line, f - kobold
Aim: a kobold, wielding a +0 whip (ally target, chance to affect: 83%)
The kobold writhes in agony.
Your goblin skeleton closely misses the kobold.
The kobold hits you with a +0 whip.
You don't have enough magic to cast this spell.
The kobold attacks as you move away! The kobold hits you with a +0 whip.
* * * LOW HITPOINT WARNING * * *
Your goblin skeleton closely misses the kobold.
You don't have enough magic to cast this spell.
The kobold attacks as you move away! The kobold hits you but does no damage.
You don't have enough magic to cast this spell.
The kobold attacks as you move away! The kobold hits you with a +0 whip.
You die...

##....#...# #.
#........## # #.
#........+ .. #.
#........# ... #.
+........# ....
#.#####........####.
.....#........#.#........
#.....######.#.#.#######
#.....Z..K@..#.#..#
#.....########.##.#
+.[... ..##.# #.....
##########.# #.#####
#..... #.....# #.# #.....
#..... #.###.####.#
#.###'# #.....
#.#........# #.... ######
#.#.#.#.#### #....
#.#.#.#..+ +..<.


You could see a kobold (ally target) and a friendly goblin skeleton.

Vanquished Creatures
  2 endoplasms (D:1)
  A goblin (D:1)
  A hobgoblin (D:1)
4 creatures vanquished.

Notes
Turn   | Place    | Note
-------+----------+-------------------------------------------
     0 | D:1      | Thatpatchoflichen the Mummy Necromancer began the quest for
                  | the Orb.
     0 | D:1      | Reached XP level 1. HP: 13/13 MP: 4/4
   201 | D:1      | Slain by a kobold

Illustrated notes

Levels and vault maps discovered:
D:1:      matt_arrival_los_fun, layout_basic, chequers_serial_rivers_marsh

Action                   || total
-------------------------++-------
 Cast: Necrotise         ||    11
Armor: Robe              ||     2
Dodge: Dodged            ||     3
